[ AOE2 MATCH · #484622144 ]
UnrankedPersians vs Jurchens
[ REPLAY ANALYSIS · EXTRACTED FROM THE RECORDED GAME ]
Feudal
—
Castle
—
Imperial
—
| APM avg | 24.3 |
| APM peak | 38 |
| eAPM avg | 6.9 |
| Villagers / military | 15 / 0 |
Focus
⚔️ 8.3% · 🌾 91.7%
Feudal
—
Castle
—
Imperial
—
| APM avg | 50.9 |
| APM peak | 60 |
| eAPM avg | 14.5 |
| Villagers / military | 12 / 0 |
Focus
⚔️ 14.0% · 🌾 86.0%
Feudal
—
Castle
—
Imperial
—
| APM avg | 18.7 |
| APM peak | 38 |
| eAPM avg | 12.8 |
| Villagers / military | 12 / 0 |
Focus
⚔️ 5.6% · 🌾 94.4%
Feudal
—
Castle
—
Imperial
—
| APM avg | 32.2 |
| APM peak | 67 |
| eAPM avg | 10.8 |
| Villagers / military | 13 / 0 |
Focus
⚔️ 0.0% · 🌾 100.0%
Feudal
—
Castle
—
Imperial
—
| APM avg | 16.0 |
| APM peak | 35 |
| eAPM avg | 10.8 |
| Villagers / military | 10 / 0 |
Focus
⚔️ 7.1% · 🌾 92.9%
Feudal
—
Castle
—
Imperial
—
| APM avg | 23.8 |
| APM peak | 44 |
| eAPM avg | 16.5 |
| Villagers / military | 27 / 0 |
Focus
⚔️ 6.4% · 🌾 93.6%
Feudal
—
Castle
—
Imperial
—
| APM avg | 27.8 |
| APM peak | 38 |
| eAPM avg | 17.5 |
| Villagers / military | 30 / 0 |
Focus
⚔️ 12.3% · 🌾 87.7%
Feudal
—
Castle
—
Imperial
—
| APM avg | 24.6 |
| APM peak | 35 |
| eAPM avg | 9.6 |
| Villagers / military | 19 / 0 |
Focus
⚔️ 0.0% · 🌾 100.0%
Match map
Initial resources + every placement click. Lines = walls · curves = elevation contours. ◆ gold · ⬟ stone · ● berries · ✦ relic · ◌ wall gap
Your base
vmnS;DEVNw;ibFJCQWf'j's base
Soul Ledger's base
Notalawyer's base
Nielu256's base
Alastor1001's base
Lilbalayya's base
KURD478156's base
Smoothed initial terrain · ◌ = detected wall gap · hover for details
Inputs per minute
— LadySylwus - - vmnS;DEVNw;ibFJCQWf'j
Build order — LadySylwus
13 actions detected in the replay
| 0:06 | Create | Villager (Male) ×5 |
| 0:10 | Build | House |
| 0:31 | Build | House |
| 0:45 | Create | Villager (Male) ×2 |
| 1:22 | Research | Loom |
| 1:37 | Create | Villager (Male) |
| 1:56 | Create | Villager (Male) |
| 2:02 | Create | Villager (Male) |
| 2:20 | Create | Villager (Male) |
| 2:39 | Create | Villager (Male) |
| 2:42 | Create | Villager (Male) |
| 3:00 | Create | Villager (Male) |
| 3:07 | Create | Villager (Male) |
Build order — vmnS;DEVNw;ibFJCQWf'j
22 actions detected in the replay
| 0:07 | Create | Villager (Male) |
| 0:08 | Create | Villager (Male) |
| 0:08 | Create | Villager (Male) |
| 0:08 | Create | Villager (Male) |
| 0:11 | Build | House |
| 0:13 | Build | House |
| 0:50 | Research | Loom |
| 0:51 | Create | Villager (Male) |
| 0:51 | Create | Villager (Male) |
| 1:50 | Create | Villager (Male) |
| 2:19 | Create | Villager (Male) |
| 3:17 | Create | Villager (Male) |
| 3:34 | Build | House |
| 3:34 | Build | House |
| 3:34 | Build | House |
| 3:35 | Build | House |
| 3:35 | Build | House |
| 3:44 | Build | Mill |
| 3:54 | Build | Lumber Camp |
| 3:57 | Create | Villager (Male) |
| 4:01 | Create | Villager (Male) |
| 4:01 | Create | Villager (Male) |
Build order — Soul Ledger
15 actions detected in the replay
| 0:05 | Create | Villager (Male) ×4 |
| 0:08 | Build | House |
| 0:10 | Build | House |
| 0:47 | Build | House |
| 0:48 | Build | House |
| 1:23 | Create | Villager (Male) |
| 1:38 | Create | Villager (Male) |
| 1:50 | Build | House |
| 1:58 | Build | House |
| 1:59 | Create | Villager (Male) |
| 2:19 | Create | Villager (Male) |
| 2:19 | Create | Villager (Male) |
| 2:19 | Create | Villager (Male) |
| 2:51 | Create | Villager (Male) |
| 3:00 | Create | Villager (Male) |
Build order — Notalawyer
17 actions detected in the replay
| 0:03 | Create | Villager (Male) |
| 0:03 | Create | Villager (Male) |
| 0:04 | Build | House |
| 0:06 | Build | House |
| 0:23 | Create | Villager (Male) |
| 0:23 | Create | Villager (Male) |
| 1:19 | Create | Villager (Male) |
| 1:49 | Create | Villager (Male) |
| 1:49 | Create | Villager (Male) |
| 2:08 | Build | Lumber Camp |
| 2:11 | Create | Villager (Male) |
| 2:11 | Create | Villager (Male) |
| 2:30 | Create | Villager (Male) |
| 2:59 | Create | Villager (Male) |
| 2:59 | Create | Villager (Male) |
| 3:07 | Build | House |
| 3:33 | Create | Villager (Male) |
Build order — Nielu256
13 actions detected in the replay
| 0:04 | Create | Villager (Male) |
| 0:05 | Build | House |
| 0:07 | Build | House |
| 0:11 | Create | Villager (Male) |
| 0:12 | Create | Villager (Male) |
| 0:23 | Create | Villager (Male) |
| 0:23 | Create | Villager (Male) |
| 1:31 | Create | Villager (Male) |
| 1:32 | Create | Villager (Male) |
| 1:58 | Create | Villager (Male) |
| 2:25 | Build | Lumber Camp |
| 2:32 | Create | Villager (Male) |
| 2:32 | Create | Villager (Male) |
Build order — Alastor1001
33 actions detected in the replay
| 0:09 | Build | House |
| 0:11 | Build | House |
| 0:14 | Create | Villager (Male) |
| 0:14 | Create | Villager (Male) |
| 0:14 | Create | Villager (Male) |
| 0:15 | Create | Villager (Male) |
| 0:15 | Create | Villager (Male) |
| 0:15 | Create | Villager (Male) |
| 0:26 | Build | Mill |
| 0:33 | Create | Villager (Male) |
| 0:33 | Create | Villager (Male) |
| 0:34 | Create | Villager (Male) |
| 0:34 | Create | Villager (Male) |
| 0:41 | Build | House |
| 0:42 | Build | House |
| 1:18 | Research | Loom |
| 2:00 | Create | Villager (Male) |
| 2:00 | Create | Villager (Male) |
| 2:01 | Create | Villager (Male) |
| 2:14 | Create | Villager (Male) |
| 2:31 | Create | Villager (Male) |
| 2:31 | Create | Villager (Male) |
| 2:45 | Create | Villager (Male) |
| 2:59 | Create | Villager (Male) |
| 2:59 | Create | Villager (Male) |
| 2:59 | Create | Villager (Male) |
| 3:09 | Create | Villager (Male) |
| 3:27 | Create | Villager (Male) |
| 3:27 | Create | Villager (Male) |
| 3:27 | Create | Villager (Male) |
| 3:42 | Create | Villager (Male) |
| 3:42 | Create | Villager (Male) |
| 4:00 | Create | Villager (Male) |
Build order — Lilbalayya
30 actions detected in the replay
| 0:03 | Research | Loom |
| 0:04 | Create | Villager (Male) ×4 |
| 0:04 | Create | Villager (Male) ×4 |
| 0:06 | Build | House |
| 0:07 | Build | House |
| 0:13 | Build | House |
| 0:14 | Build | House |
| 1:07 | Create | Villager (Male) |
| 1:07 | Create | Villager (Male) |
| 1:07 | Create | Villager (Male) |
| 1:07 | Create | Villager (Male) |
| 1:33 | Create | Villager (Male) |
| 1:33 | Create | Villager (Male) |
| 1:33 | Create | Villager (Male) |
| 1:45 | Create | Villager (Male) |
| 1:45 | Create | Villager (Male) |
| 2:07 | Create | Villager (Male) |
| 2:07 | Create | Villager (Male) |
| 2:07 | Create | Villager (Male) |
| 2:24 | Build | Lumber Camp |
| 2:33 | Create | Villager (Male) |
| 2:33 | Create | Villager (Male) |
| 2:33 | Create | Villager (Male) |
| 2:34 | Create | Villager (Male) |
| 2:34 | Create | Villager (Male) |
| 3:03 | Create | Villager (Male) |
| 3:03 | Create | Villager (Male) |
| 3:03 | Create | Villager (Male) |
| 3:04 | Create | Villager (Male) |
| 3:04 | Create | Villager (Male) |
Build order — KURD478156
22 actions detected in the replay
| 0:05 | Research | Loom |
| 0:07 | Create | Villager (Male) |
| 0:07 | Create | Villager (Male) |
| 0:07 | Create | Villager (Male) |
| 0:07 | Create | Villager (Male) |
| 0:08 | Create | Villager (Male) |
| 0:09 | Build | House |
| 0:12 | Build | House |
| 1:48 | Create | Villager (Male) |
| 1:49 | Create | Villager (Male) |
| 2:18 | Create | Villager (Male) |
| 2:18 | Create | Villager (Male) |
| 2:37 | Create | Villager (Male) |
| 2:37 | Create | Villager (Male) |
| 3:07 | Create | Villager (Male) |
| 3:08 | Create | Villager (Male) |
| 3:28 | Create | Villager (Male) |
| 3:28 | Create | Villager (Male) |
| 3:49 | Create | Villager (Male) |
| 3:57 | Create | Villager (Male) |
| 3:58 | Create | Villager (Male) |
| 3:58 | Create | Villager (Male) |
Match timeline
| 3:06 | Nielu256 · resign |
[ AI ANALYSIS · 1 CREDIT ]
What really happened in this match?
Wolo.gg analyzes every decision: build order, eco, micro, common mistakes by bracket. Personalized analysis on WhatsApp or Discord in 30 seconds.
Civ guide
Persians
Perfil
Jugador #2413159